 Dungeon Crawl Stone Soup version 0.22.1-1-ga44c0e5 (webtiles) character file.

3739 Goblin1989 the Nimble (level 10, -8/77 HPs)
             Began as a Gnoll Gladiator on Oct 19, 2018.
             Was a High Priest of Zin.
             Mangled by a two-headed ogre
             ... wielding a +0 giant spiked club
              (9 damage)
             ... on level 9 of the Dungeon on Oct 22, 2018.
             The game lasted 00:21:43 (8551 turns).

Goblin1989 the Nimble (Gnoll Gladiator)             Turns: 8551, Time: 00:21:44

Health: -8/77      AC: 11    Str: 21    XL:     10   Next: 15%
Magic:  0/17       EV: 15    Int: 12    God:    Zin [*****.]
Gold:   541        SH:  0    Dex: 17    Spells: 18/18 levels left

rFire    . . .     SeeInvis .   a - +0 quarterstaff
rCold    . . .     Gourm    .   (shield currently unavailable)
rNeg     . . .     Faith    .   J - +0 scale mail
rPois    +         Spirit   +   c - +0 helmet
rElec    .         Reflect  .   R - +1 cloak (curse)
rCorr    .         Harm     .   (no gloves)
MR       .....                  p - +0 pair of boots
Stlth    ++........             B - amulet of guardian spirit
HPRegen  0.22/turn              o - ring of poison resistance (curse)
MPRegen  0.15/turn              P - +3 ring of strength

@: no status effects
A: distributed training, fangs 1, strong nose
a: Recite, Vitalisation, Imprison, Sanctuary, Donate Gold, Renounce Religion


You were on level 9 of the Dungeon.
You worshipped Zin.
Zin was extremely pleased with you.
You were very hungry.

You visited 1 branch of the dungeon, and saw 9 of its levels.
You also visited: Ossuary.

You collected 677 gold pieces.
You donated 136 gold pieces to Zin.

Inventory:

Hand Weapons
 a - a +0 quarterstaff (weapon)
 Q - a +0 hunting sling
Missiles
 G - 45 bolts
 L - 3 tomahawks of dispersal
 M - 286 stones {@Q3}
 N - 92 arrows
 Y - 24 poisoned needles
 Z - 2 throwing nets (quivered) {!d , @Q1}
Armour
 c - a +0 helmet (worn)
 m - a cursed +0 helmet
 p - a +0 pair of boots (worn)
 J - a +0 scale mail (worn)
 R - a cursed +1 cloak (worn)
 W - a +0 large shield
Jewellery
 o - a cursed ring of poison resistance (left hand)
 u - a cursed -5 ring of intelligence {unknown}
 y - a +2 ring of dexterity
 B - an amulet of guardian spirit (around neck)
 K - an uncursed ring of wizardry
 P - a +3 ring of strength (right hand)
Wands
 k - a wand of digging (9) {@v1}
 l - a wand of flame (19) {@v6}
 s - a wand of enslavement (2)
Scrolls
 n - a scroll of blinking {unknown}
 r - 4 scrolls of fog {unknown}
 t - a scroll of torment {unknown}
 x - 2 scrolls of remove curse {unknown}
 C - a scroll of fear
 F - 3 scrolls of teleportation {unknown}
 O - a scroll of immolation
 S - 3 scrolls of enchant weapon {unknown}
 T - 15 scrolls of identify {unknown}
 V - a scroll of enchant armour
Potions
 q - a potion of magic {unknown}
 v - a potion of invisibility {unknown}
 w - a potion of heal wounds {unknown}
 z - 2 potions of flight {unknown}
 A - a potion of resistance {unknown}
 D - a potion of degeneration {unknown}
 E - 2 potions of berserk rage {unknown}
 H - 3 potions of lignification {unknown}
 I - 6 potions of curing {unknown}
 U - 4 potions of might {unknown}
 X - a potion of agility {@q5}
Comestibles
 e - 15 rations


   Skills:
 + Level 6.8 Fighting
 + Level 4.9 Short Blades
 + Level 4.9 Long Blades
 + Level 4.9 Axes
 + Level 4.9 Maces & Flails
 + Level 4.9 Polearms
 + Level 8.3 Staves
 + Level 4.9 Slings
 + Level 4.9 Bows
 + Level 4.9 Crossbows
 + Level 6.8 Throwing
 + Level 4.9 Armour
 + Level 8.3 Dodging
 + Level 4.9 Stealth
 + Level 4.9 Shields
 + Level 4.9 Unarmed Combat
 + Level 4.9 Spellcasting
 + Level 4.0 Conjurations
 + Level 4.0 Hexes
 + Level 4.0 Charms
 + Level 4.0 Summonings
 + Level 4.0 Necromancy
 + Level 4.0 Translocations
 + Level 4.0 Transmutations
 + Level 4.0 Fire Magic
 + Level 4.0 Ice Magic
 + Level 4.0 Air Magic
 + Level 4.0 Earth Magic
 + Level 4.0 Poison Magic
 + Level 5.4 Invocations
 + Level 4.9 Evocations


You had 18 spell levels left.
You didn't know any spells.
Your spell library contained the following spells:

 Spells                   Type           Power        Failure   Level  Hunger
 Flame Tongue             Conj/Fire      ##...        10%         1    None
 Sandblast                Erth           ##....       10%         1    None
 Passwall                 Tmut/Erth      ##......     16%         2    ##.....
 Throw Flame              Conj/Fire      ##....       16%         2    ##.....
 Conjure Flame            Conj/Fire      ##......     30%         3    ###....
 Inner Flame              Hex/Fire       ##......     30%         3    ###....
 Stone Arrow              Conj/Erth      ##....       30%         3    ###....
 Petrify                  Tmut/Erth      ##......     69%         4    ####...
 Sticky Flame             Conj/Fire      ##......     69%         4    ####...
 Bolt of Magma            Conj/Fire/Erth ##........   95%         5    ######.
 Fireball                 Conj/Fire      ##........   95%         5    ######.
 Iskenderun's Battlesphe  Conj/Chrm      ##......     95%         5    ######.
 Lee's Rapid Deconstruct  Erth           ##........   95%         5    ######.
 Venom Bolt               Conj/Pois      ##........   95%         5    ######.
 Iron Shot                Conj/Erth      ##........   100%        6    #######
 Orb of Destruction       Conj           ##........   100%        7    #######
 Spellforged Servitor     Conj/Summ      ##........   100%        7    #######


Dungeon Overview and Level Annotations

Branches:
Dungeon (9/15)             Temple (0/1) D:7
   Lair: D:8-11         Orc: D:9-12

Altars:
Dithmenos
Elyvilon
Kikubaaqudgha
Okawaru
Uskayaw
Xom
Yredelemnul
Zin
The Shining One

Shops:
D:4 [


Innate Abilities, Weirdness & Mutations

Your experience applies equally to all skills.
You have very sharp teeth.
Your uncanny sense of smell can sniff out nearby items.


Message History

The ogre is lightly wounded.
You hit the ogre but do no damage. You bite the ogre.
The ogre is lightly wounded.
The ogre closely misses you.
You sock the ogre!
The ogre is heavily wounded.
The howler monkey hoots and howls with incredible vigour!
The ogre closely misses you.
You hear a shout!
You hear an angry hiss.
You hear a bellow!
You sock the ogre!
The ogre is severely wounded.
The orc priest mumbles some strange prayers to Beogh against you.
Beogh smites you!
* * * LOW HITPOINT WARNING * * *
You take 11 damage, and have 32/77 hp.
You now have 7/17 mp.
You sock the ogre! You bite the ogre.
You kill the ogre!
You sock the howler monkey!
The howler monkey is almost dead.
The howler monkey barely misses you.
The howler monkey hits you but does no damage.
You hit the howler monkey.
You kill the howler monkey!
You hit the howler monkey.
The howler monkey is lightly wounded.
The howler monkey closely misses you.
You closely miss the howler monkey.
The howler monkey is lightly wounded.
The howler monkey hoots and howls with incredible vigour!
You hear an angry hiss. x2; You hear a trumpeting!
You hit the howler monkey.
The howler monkey is heavily wounded.
The orc priest looks satisfied for a moment.
The howler monkey barely misses you.
You closely miss the howler monkey.
The howler monkey is heavily wounded.
The howler monkey closely misses you.
You bludgeon the howler monkey!!
You kill the howler monkey!
You closely miss the orc priest. The orc priest misses you.
You sock the orc priest!
The orc priest is severely wounded.
The orc priest misses you.
You sock the orc priest!
You kill the orc priest!
N - 92 arrows (gained 22)
There is an open door, spattered with blood here.
Items here: )))))) [[ ††† Something unseen opens the door.
There is an open door, spattered with blood here.
Items here: )))))) [[ ††† A two-headed ogre comes into view.
It is wielding a giant spiked club and a A two-headed ogre is nearby!
A two-headed ogre is nearby!
A two-headed ogre is nearby!
The two-headed ogre barely misses you. The two-headed ogre closely misses you.
You completely miss the two-headed ogre.
You bite the two-headed ogre, but do no damage.
The two-headed ogre hits you with a giant spiked club.
* * * LOW HITPOINT WARNING * * *
The two-headed ogre hits you with a giant club!
* * * LOW HITPOINT WARNING * * *
You take 14 damage, and have 21/77 hp.
You now have 6/17 mp.
You hit the two-headed ogre.
The two-headed ogre is lightly wounded.
You hit the two-headed ogre.
You bite the two-headed ogre, but do no damage.
The two-headed ogre is lightly wounded.
The two-headed ogre closely misses you. The two-headed ogre barely misses you.
You sock the two-headed ogre!
The two-headed ogre is moderately wounded.
You hear a distant blaring wail to the east.
The two-headed ogre closely misses you.
The two-headed ogre hits you but does no damage.
Your scale mail prevents you from hitting the two-headed ogre.
The two-headed ogre is lightly wounded.
You hit the two-headed ogre.
The two-headed ogre is moderately wounded.
The two-headed ogre barely misses you.
The two-headed ogre hits you but does no damage.
You barely miss the two-headed ogre.
The two-headed ogre is moderately wounded.
The two-headed ogre hits you with a giant spiked club!!
* * * LOW HITPOINT WARNING * * *
The two-headed ogre hits you with a giant club!
* * * LOW HITPOINT WARNING * * *
You take 21 damage, and have 1/77 hp.
MASSIVE DAMAGE!!
You now have 0/17 mp.
Unknown command.
Unknown command.
Unknown command.
Unknown command.
You hit the two-headed ogre.
The two-headed ogre is moderately wounded.
Your scale mail prevents you from hitting the two-headed ogre.
The two-headed ogre is moderately wounded.
The two-headed ogre closely misses you. x2
You hit the two-headed ogre.
The two-headed ogre is moderately wounded.
The two-headed ogre hits you with a giant spiked club!
You die...

▲......████████
█......█
████∆███ █..██
██.(█ ∆ ██.█
..██████)██
..........█
......)..@█
.....%...O█
..........∆
..........██
..████▲████ .


You could see a two-headed ogre.

Vanquished Creatures
  A hippogriff (D:7)
  Sigmund (D:6)
  3 hogs (D:8)
  A yak (D:8)
  A human (D:8)
  Duvessa (D:6)
  A phantom (D:7)
  2 black bears
  4 ogres
  An orc warrior (D:9)
  2 centaurs
  2 bullfrogs (D:6)
  Dowan (D:6)
  A scorpion (D:6)
  2 howler monkeys (D:9)
  3 crimson imps
  4 hounds
  4 jellies
  11 orc priests
  6 orc wizards
  A centaur skeleton (D:6)
  2 iguanas (D:8)
  2 worker ants
  A killer bee zombie (D:8)
  5 hound skeletons
  8 mummies (Ossuary)
  6 gnolls
  8 adders
  A shadow imp (D:6)
  An ooze (D:4)
  An adder zombie (D:8)
  4 worms
  2 dart slugs
  A leopard gecko (D:3)
  31 orcs
  2 ball pythons
  A bat (D:2)
  2 giant cockroaches
  8 goblins
  7 hobgoblins
  5 jackals
  2 quokkas (D:5)
  9 frilled lizards
  A gnoll zombie (Ossuary)
  A goblin skeleton (D:6)
  2 goblin zombies (D:6)
  3 hobgoblin zombies
  9 kobolds
  A kobold skeleton (D:6)
  6 kobold zombies
  3 orc skeletons (D:6)
  3 orc zombies (Ossuary)
  5 rats
196 creatures vanquished.

Vanquished Creatures (others)
  An orc warrior (D:6)
1 creature vanquished.

Grand Total: 197 creatures vanquished

Notes
Turn   | Place    | Note
-------+----------+-------------------------------------------
     0 | D:1      | Goblin1989 the Gnoll Gladiator began the quest for the Orb.
     0 | D:1      | Reached XP level 1. HP: 20/20 MP: 1/1
   273 | D:1      | Reached XP level 2. HP: 22/26 MP: 2/2
   855 | D:2      | Reached XP level 3. HP: 31/31 MP: 3/3
   953 | D:2      | Reached skill level 1 in Short Blades
   953 | D:2      | Reached skill level 1 in Long Blades
   953 | D:2      | Reached skill level 1 in Axes
   953 | D:2      | Reached skill level 1 in Maces & Flails
   953 | D:2      | Reached skill level 1 in Polearms
   953 | D:2      | Reached skill level 1 in Slings
   953 | D:2      | Reached skill level 1 in Bows
   953 | D:2      | Reached skill level 1 in Crossbows
   953 | D:2      | Reached skill level 1 in Armour
   953 | D:2      | Reached skill level 1 in Stealth
   953 | D:2      | Reached skill level 1 in Shields
   953 | D:2      | Reached skill level 1 in Unarmed Combat
   953 | D:2      | Reached skill level 1 in Spellcasting
   953 | D:2      | Reached skill level 1 in Invocations
   953 | D:2      | Reached skill level 1 in Evocations
   953 | D:2      | Reached XP level 4. HP: 38/38 MP: 3/5
  1417 | D:2      | Found a shimmering altar of Xom.
  1431 | D:2      | Goblin1989: !rng @god
  1431 | D:2      | XtahuaRules: The RNG chooses: Lugonu.
  1431 | D:2      | Goblin1989: !rng @god
  1431 | D:2      | XtahuaRules: The RNG chooses: Zin.
  1431 | D:2      | Goblin1989: !rng @god
  1431 | D:2      | XtahuaRules: The RNG chooses: Wu Jian.
  1431 | D:2      | Goblin1989: !rng @god
  1431 | D:2      | XtahuaRules: The RNG chooses: Jiyva.
  1431 | D:2      | Goblin1989: !rng @god
  1431 | D:2      | XtahuaRules: The RNG chooses: No God.
  1431 | D:2      | Goblin1989: !rng @god
  1431 | D:2      | XtahuaRules: The RNG chooses: Makhleb.
  1431 | D:2      | Goblin1989: !rng @god
  1431 | D:2      | XtahuaRules: The RNG chooses: Fedhas.
  1431 | D:2      | Goblin1989: !rng @god
  1431 | D:2      | XtahuaRules: The RNG chooses: Cheibriados.
  1431 | D:2      | Goblin1989: !rng @god
  1431 | D:2      | XtahuaRules: The RNG chooses: Nemelex Xobeh.
  1431 | D:2      | Goblin1989: !rng @god
  1548 | D:2      | Reached skill level 1 in Conjurations
  1548 | D:2      | Reached skill level 1 in Hexes
  1548 | D:2      | Reached skill level 1 in Charms
  1548 | D:2      | Reached skill level 1 in Summonings
  1548 | D:2      | Reached skill level 1 in Necromancy
  1548 | D:2      | Reached skill level 1 in Translocations
  1548 | D:2      | Reached skill level 1 in Transmutations
  1548 | D:2      | Reached skill level 1 in Fire Magic
  1548 | D:2      | Reached skill level 1 in Ice Magic
  1548 | D:2      | Reached skill level 1 in Air Magic
  1548 | D:2      | Reached skill level 1 in Earth Magic
  1548 | D:2      | Reached skill level 1 in Poison Magic
  2040 | D:2      | Found a glowing silver altar of Zin.
  2041 | D:2      | Noticed an angel
  2047 | D:2      | Became a worshipper of Zin the Law-Giver
  2047 | D:2      | Reached * piety under Zin
  2049 | D:2      | Donated 69 gold pieces to Zin
  2106 | D:3      | Reached XP level 5. HP: 36/43 MP: 6/6
  2216 | D:3      | Found a shadowy altar of Dithmenos.
  2624 | D:3      | Reached XP level 6. HP: 50/50 MP: 8/8
  2941 | D:4      | Reached skill level 5 in Fighting
  2941 | D:4      | Reached skill level 5 in Throwing
  2959 | D:4      | Found Nyxawk's Antique Armour Shop.
  2997 | D:4      | Found a hide-covered altar of Uskayaw.
  3027 | D:4      | Found a sand-covered staircase.
  3033 | Ossuary  | Entered an ossuary
  3047 | Ossuary  | Reached XP level 7. HP: 54/56 MP: 10/10
  3125 | Ossuary  | Reached ** piety under Zin
  3251 | Ossuary  | Reached *** piety under Zin
  3303 | Ossuary  | Reached **** piety under Zin
  3945 | D:4      | Reached ***** piety under Zin
  4110 | D:5      | Entered Level 5 of the Dungeon
  4351 | D:5      | Reached XP level 8. HP: 53/63 MP: 9/12
  4822 | D:5      | Found a white marble altar of Elyvilon.
  4822 | D:5      | Found a shadowy altar of Dithmenos.
  5307 | D:7      | Found a staircase to the Ecumenical Temple.
  5424 | D:7      | Noticed a hippogriff
  5444 | D:7      | Killed a hippogriff
  6024 | D:7      | Reached XP level 9. HP: 40/69 MP: 8/14
  6793 | D:6      | Noticed Sigmund
  6825 | D:6      | Killed Sigmund
  6832 | D:6      | Found a basalt altar of Yredelemnul.
  7091 | D:6      | Noticed Dowan
  7231 | D:6      | Found a glowing golden altar of the Shining One.
  7266 | D:6      | Noticed Duvessa
  7281 | D:6      | Killed Duvessa
  7291 | D:6      | Killed Dowan
  7837 | D:8      | Found an ancient bone altar of Kikubaaqudgha.
  7923 | D:8      | Found an iron altar of Okawaru.
  8091 | D:8      | Reached skill level 5 in Invocations
  8119 | D:8      | Reached XP level 10. HP: 26/77 MP: 8/17
  8539 | D:9      | Noticed a two-headed ogre
  8548 | D:9      | HP: 1/77 [two-headed ogre/giant spiked club (5)]
  8551 | D:9      | Mangled by a two-headed ogre

Skill      XL: |  1  2  3  4  5  6  7  8  9 10 |
---------------+-------------------------------+-----
Short Blades   | 1 2 3 4 |  4.9
Long Blades    | 1 2 3 4 |  4.9
Axes           | 1 2 3 4 |  4.9
Maces & Flails | 1 2 3 4 |  4.9
Polearms       | 1 2 3 4 |  4.9
Slings         | 1 2 3 4 |  4.9
Bows           | 1 2 3 4 |  4.9
Crossbows      | 1 2 3 4 |  4.9
Armour         | 1 2 3 4 |  4.9
Stealth        | 1 2 3 4 |  4.9
Shields        | 1 2 3 4 |  4.9
Unarmed Combat | 1 2 3 4 |  4.9
Spellcasting   | 1 2 3 4 |  4.9
Invocations    | 1 2 3 4 5 |  5.4
Evocations     | 1 2 3 4 |  4.9
Conjurations   | 1 2 3 4 |  4.0
Hexes          | 1 2 3 4 |  4.0
Charms         | 1 2 3 4 |  4.0
Summonings     | 1 2 3 4 |  4.0
Necromancy     | 1 2 3 4 |  4.0
Translocations | 1 2 3 4 |  4.0
Transmutations | 1 2 3 4 |  4.0
Fire Magic     | 1 2 3 4 |  4.0
Ice Magic      | 1 2 3 4 |  4.0
Air Magic      | 1 2 3 4 |  4.0
Earth Magic    | 1 2 3 4 |  4.0
Poison Magic   | 1 2 3 4 |  4.0
Fighting       | 5 6 |  6.8
Throwing       | 5 6 |  6.8
Staves         | 7 8 |  8.3
Dodging        | 7 8 |  8.3

Action                   |  1- 3 |  4- 6 |  7- 9 | 10-12 || total
-------------------------+-------+-------+-------+-------++-------
Melee: Quarterstaff      |    57 |   173 |   437 |    63 ||   730
       Bite              |     1 |    27 |    71 |     7 ||   106
Throw: Tomahawk          |       |       |     1 |       ||     1
       Throwing net      |       |       |     3 |       ||     3
Invok: Donate Gold       |       |     2 |       |       ||     2
Evoke: Wand              |       |       |     3 |       ||     3
  Use: Scroll            |       |     4 |       |       ||     4
       Potion            |       |       |     3 |       ||     3
 Stab: Sleeping          |     1 |     3 |     9 |       ||    13
       Held in net/web   |       |       |     1 |       ||     1
  Eat: Chunk             |       |     7 |     2 |     1 ||    10
       Ration            |       |       |     4 |       ||     4
Armor: Leather armour    |     9 |    14 |    43 |       ||    66
       Scale mail        |       |       |    70 |    16 ||    86
Dodge: Dodged            |    36 |   155 |   333 |    43 ||   567

Vault maps used:
D:1:      minmay_arrival_stair_chambers, minivault_11, serial_bayou_pond_e
D:2:      xom_teletrap_fun, zin_angel, guppyfry_early_orc_mine
D:3:      nicolae_dithmenos_shadow_blocks
D:4:      overflow_temple_1_default, serial_shops, shop,
          nicolae_ossuary_entry_monument, corexii_hall_statues_i
D:5:      gammafunk_temple_overflow_elements, first_ration
D:6:      kennysheep_little_box, nicolae_tso_besieged_by_evil, uniq_duvessa,
          uniq_sigmund
D:7:      minmay_temple_entry_glassed_door
D:8:      basic_altar, grunt_livestock, okawaru_metal_pillars_1_2
D:9:      marbit_many_paths, nicolae_ashenzari_panopticon, david_lair_generic,
          hangedman_feature_mirror, kennysheep_crisscross
Ossuary:  ossuary_tomb_3
